 Dungeon Crawl Stone Soup version 0.27-a0-732-ga892ba84f6 (webtiles) character file.

Game seed: 17487578297013124105

21 Lanoc the Magician (level 2, -1/21 HPs)
             Began as a Djinni Air Elementalist on Mar 23, 2021.
             Slain by Natasha (8 damage)
             ... on level 2 of the Dungeon.
             The game lasted 00:00:50 (1356 turns).

Lanoc the Magician (Djinni Air Elementalist)        Turns: 1356, Time: 00:00:51

Health: -1/21      AC:  2    Str:  7    XL:     2   Next: 87%
Magic:  0/0        EV: 12    Int: 22    God:
Gold:   79         SH:  0    Dex: 13    Spells: 0/7 levels left

rFire    + + .     SeeInvis .   (no weapon)
rCold    x . .     Faith    .   (no shield)
rNeg     . . .     Spirit   .   a - +0 robe
rPois    ∞         Reflect  .   (no helmet)
rElec    .         Harm     .   (no cloak)
rCorr    .         Rampage  .   (no gloves)
Will     .....                  (boots unavailable)
Stlth    ++........             (no amulet)
HPRegen  0.07/turn              c - +6 ring of intelligence
MPRegen  0.00/turn              (no ring)

@: flying
A: fire resistance 2, cold vulnerability 1, float, innate caster, hp casting,
extra vitality 1
a: no special abilities


You were on level 2 of the Dungeon.
You visited 1 branch of the dungeon, and saw 2 of its levels.

You collected 79 gold pieces.

Inventory:

Armour
 a - a +0 robe (worn)
Jewellery
 c - a +6 ring of intelligence (right hand)
Scrolls
 f - a scroll of vulnerability {unknown}
Potions
 b - a potion of brilliance {unknown}
 d - a potion of ambrosia {unknown}
 e - a potion of flight {unknown}


   Skills:
 + Level 2.7 Dodging
 - Level 1.5 Stealth
 * Level 3.2 Spellcasting


You couldn't memorise any spells.
You knew the following spells:

 Your Spells              Type           Power      Damage    Failure   Level
a - Shock                 Conj/Air       72%        1d7       3%          1
b - Swiftness             Air            18%        N/A       4%          2
c - Static Discharge      Conj/Air       18%        N/A       10%         3
d - Airstrike             Air            9%         N/A       30%         4
e - Lightning Bolt        Conj/Air       9%         1d21      65%         5
Your spell library was empty.

Dungeon Overview and Level Annotations

Branches:
Dungeon (2/15)

Altars:

Annotations:
D:2 Natasha


Innate Abilities, Weirdness & Mutations

You are immune to poison.
Your flesh is very heat resistant. (rF++)
You are vulnerable to cold. (rC-)
You float through the air rather than walking.
You learn spells naturally, not from books.
Your magical power is your life essence.
You have superior vitality. (+4 HP)


Message History

Press: ? - help, Shift-Dir - straight line, f - Natasha
Aim: Natasha (36% to evade)
The zap hits Natasha.
Natasha is lightly wounded.
Casting: Shock (safe; 3% risk of failure)
Confirm with . or Enter, or press ? or * to list all spells.
Aiming: Shock (safe; 3% risk of failure)
Press: ? - help, Shift-Dir - straight line, f/p - Natasha
Aim: Natasha (lightly wounded, 36% to evade)
The zap hits Natasha.
Natasha is heavily wounded.
Casting: Shock (safe; 3% risk of failure)
Confirm with . or Enter, or press ? or * to list all spells.
Aiming: Shock (safe; 3% risk of failure)
Press: ? - help, Shift-Dir - straight line, f/p - Natasha
Aim: Natasha (heavily wounded, 36% to evade)
The zap hits Natasha.
Natasha is severely wounded.
Casting: Shock (safe; 3% risk of failure)
Confirm with . or Enter, or press ? or * to list all spells.
You can't see any susceptible monsters within range! (Use Z to cast anyway.) Natasha is nearby!
Casting: Shock (safe; 3% risk of failure)
Confirm with . or Enter, or press ? or * to list all spells.
Aiming: Shock (safe; 3% risk of failure)
Press: ? - help, Shift-Dir - straight line, f/p - Natasha
Aim: Natasha (severely wounded, 36% to evade)
The zap misses Natasha.
Natasha stares at you and mumbles some strange words.
The magic dart hits you!
Casting: Shock (safe; 3% risk of failure)
Confirm with . or Enter, or press ? or * to list all spells.
Aiming: Shock (safe; 3% risk of failure)
Press: ? - help, Shift-Dir - straight line, f/p - Natasha
Aim: Natasha (severely wounded, 36% to evade)
The zap hits Natasha.
Natasha is almost dead.
Natasha extends her claws.
Natasha claws you!
You die...

###.#
#.#.#.####.#.#
†.#.#
#.#.#...<#.#.#
#.#.#
#.#.######.#.#
#.#.#
#.#........#.#
#.#.###
#.##########.#
#.<...#
#.............
#.#†#.#
##############
#.#.#.#
#.#.#@#
..#.#h#
.......
.........
..........
...(...).
..........#
.!.........#


You could see Natasha.

Vanquished Creatures
  A ball python (D:1)
  2 giant cockroaches
  4 goblins
  A hobgoblin (D:1)
  2 oozes
  A bat (D:2)
  9 frilled lizards
  A rat (D:1)
21 creatures vanquished.

Vanquished Creatures (others)
  8 plants (D:1)
8 creatures vanquished.

Grand Total: 29 creatures vanquished

Notes
Turn   | Place    | Note
-------+----------+-------------------------------------------
     0 | D:1      | Lanoc the Djinni Air Elementalist began the quest for the
                  | Orb.
     0 | D:1      | Reached XP level 1. HP: 15/15 MP: 0/0
   266 | D:1      | Reached skill level 3 in Spellcasting
   266 | D:1      | Reached XP level 2. HP: 13/21 MP: 0/0
  1348 | D:2      | Noticed Natasha
  1356 | D:2      | Slain by Natasha

Illustrated notes

Levels and vault maps discovered:
D:1:      tarquinn_simple_flora_water_c, layout_loops_ring, minmay_lizard_king
D:2:      layout_basic, st_stairs_3, minmay_cut_off, uniq_natasha

Skill      XL: |  1 |
---------------+----+-----
Spellcasting   | 3 |  3.2
Dodging        | |  2.7
Stealth        | |  1.5

Action                   || total
-------------------------++-------
 Cast: Shock             ||    41
Armor: Robe              ||     1
Dodge: Dodged            ||     4

Table legend: (Time is in decaauts)
 A = Elapsed time spent in this place.
 B = Non-inter-level travel time spent in this place.
 C = Inter-level travel time spent in this place.
 D = Time resting spent in this place.
 E = Time spent auto-exploring this place.
 F = Levels seen in this place.
 G = Mean time per level.
                   A        B        C        D        E       F      G
               +--------+--------+--------+--------+--------+-----+--------+
         Total |   1355 |   1322 |     33 |      0 |   1258 |   2 |  677.5 |
       Dungeon |   1355 |   1322 |     33 |      0 |   1258 |   2 |  677.5 |
               +--------+--------+--------+--------+--------+-----+--------+

Top non-repeatable levels by time:
     D:1: 1093 daAuts
     D:2: 261 daAuts
